 Dungeon Crawl Stone Soup version 0.31-a0-654-gbe3e110b4e (webtiles) character file.

Game seed: 152914165239177513

18 AiryTheDragon the Firebug (level 2, 0/20 HPs)
             Began as a Draconian Fire Elementalist on Aug 30, 2023.
             Frozen to death by an endoplasm (3 damage)
             ... on level 1 of the Dungeon.
             The game lasted 00:05:53 (318 turns).

AiryTheDragon the Firebug (DrFE)                     Turns: 318, Time: 00:05:54

Health: 0/20       AC:  4    Str: 10    XL:     2   Next: 48%
Magic:  5/5        EV: 12    Int: 15    God:
Gold:   44         SH:  0    Dex: 11    Spells: 4/5 levels left

rFire   . . .        (no weapon)
rCold   . . .        (no shield)
rNeg    . . .        (body armour unavailable)
rPois   .            (helmet restricted)
rElec   .            (no cloak)
rCorr   +            (no gloves)
SInv    .            (no boots)
Will    +....        (no amulet)
Stlth   ++           a - ring of willpower
HPRegen 0.23/turn    c - ring of resist corrosion
MPRegen 0.09/turn

%: no passive effects
@: slowed, very slow
A: AC +4, unfitting armour, cold-blooded
a: no special abilities


You were on level 1 of the Dungeon.
You visited 1 branch of the dungeon, and saw 1 of its levels.

You collected 44 gold pieces.

Inventory:

Hand Weapons
 e - a +0 mace
Jewellery
 a - a ring of willpower (left hand)
 c - a ring of resist corrosion (right hand)
Scrolls
 b - 2 scrolls of identify {unknown}


   Skills:
 + Level 0.2 Fighting
 + Level 2.0 Dodging
 + Level 1.8 Stealth
 * Level 0.5 Unarmed Combat
 + Level 2.2 Spellcasting
 + Level 1.2 Conjurations
 + Level 3.2 Fire Magic


You had 4 spell levels left.
You knew the following spells:

 Your Spells              Type           Power      Damage    Failure   Level
a - Foxfire               Conj/Fire      32%        2x1d5     9%          1

Your spell library contained the following spells:

 Spells                   Type           Power      Damage    Failure   Level
 Scorch                   Fire           22%        2d5       9%          2
 Inner Flame              Hex/Fire       6%         N/A       32%         3
 Volatile Blastmotes      Fire/Tloc      12%        2d11      32%         3
 Flame Wave               Conj/Fire      8%         2d5       65%         4


Dungeon Overview and Level Annotations

Branches:
Dungeon (1/15)

Altars:


Innate Abilities, Weirdness & Mutations

Your plain brown scales are hard. (AC +4)
You cannot fit into any form of body armour.
You are cold-blooded and may be slowed by cold attacks.


Message History

A hobgoblin comes into view.
The goblin hits you with a +0 club.
You closely miss the goblin.
The hobgoblin shouts!
The goblin closely misses you.
You barely miss the frilled lizard.
Your tail-slap misses the frilled lizard.
The frilled lizard bites you but does no damage.
The goblin hits you but does no damage.
You hit the frilled lizard.
You kill the frilled lizard!
The goblin hits you with a +0 club.
You barely miss the endoplasm.
The endoplasm hits you but does no damage.
The goblin hits you with a +0 club.
You hit the endoplasm.
The endoplasm is heavily wounded.
A quokka comes into view.
The endoplasm freezes you.
You are frozen.
You feel yourself slow down. The goblin hits you with a +0 club.
You hit the endoplasm but do no damage. You tail-slap the endoplasm.
The endoplasm is almost dead.
You feel yourself speed up.
A goblin comes into view. It is wielding a +0 dagger.
The endoplasm freezes you.
You are frozen.
* * * LOW HITPOINT WARNING * * *
You feel yourself slow down. The goblin hits you but does no damage.
The endoplasm barely misses you. The goblin hits you with a +0 club.
* * * LOW HITPOINT WARNING * * *
Okay, then.
You aren't carrying any potions.
You aren't carrying any potions.
As you read the scroll labelled WYVONI OMNIRR, it crumbles to dust.
The creatures around you are filled with an inner flame!
It was a scroll of immolation.
The endoplasm freezes you.
You are frozen.
You die...

#............# ####..#
..#.........####.....#
....... ............##
.####.....#....#
........######.#
...............#
.####.###.......#
.........g##.##..
#.....##@## .#
.##..SgJ# .# #..grK# #
#........ #.#....#.# #
#....#..# #....# ..?
#..... .## .####. ..


You could see an endoplasm (inner flame), a quokka (inner flame), a hobgoblin
(inner flame), 2 goblins, a ball python (inner flame) and a kobold (inner
flame).

Vanquished Creatures
  2 ball pythons (D:1)
  2 bats (D:1)
  An endoplasm (D:1)
  A goblin (D:1)
  A hobgoblin (D:1)
  4 jackals (D:1)
  A kobold (D:1)
  A quokka (D:1)
  A frilled lizard (D:1)
  A rat (D:1)
15 creatures vanquished.

Vanquished Creatures (others)
  24 foxfires (D:1)
24 creatures vanquished.

Grand Total: 39 creatures vanquished

Notes
Turn   | Place    | Note
-------+----------+-------------------------------------------
     0 | D:1      | AiryTheDragon the Draconian Fire Elementalist began the
                  | quest for the Orb.
     0 | D:1      | Reached XP level 1. HP: 14/14 MP: 3/3
    77 | D:1      | Reached XP level 2. HP: 8/20 MP: 1/5
   318 | D:1      | Frozen to death by an endoplasm

Illustrated notes

Levels and vault maps discovered:
D:1:      pf_arrival_petrified_forest, layout_rooms,
          ebering_ecumenical_altar_rust, hangedman_glass_garden,
          minmay_box_of_dots

Skill      XL: |  1  2 |
---------------+-------+-----
Dodging        | 2 |  2.0
Fighting       | |  0.2
Stealth        | |  1.8
Unarmed Combat | |  0.5
Spellcasting   | |  2.2
Conjurations   | |  1.2
Fire Magic     | |  3.2

Action                     || total
---------------------------++-------
  Melee: Unarmed           ||    38
         Tailslap          ||     4
   Cast: Foxfire           ||    15
    Use: Potion            ||     1
         Scroll            ||     1
 Armour: Skin              ||    18
  Dodge: Dodged            ||    43

Table legend: (Time is in decaauts)
 A = Elapsed time spent in this place.
 B = Non-inter-level travel time spent in this place.
 C = Inter-level travel time spent in this place.
 D = Time resting spent in this place.
 E = Time spent auto-exploring this place.
 F = Levels seen in this place.
 G = Mean time per level.
                   A        B        C        D        E       F      G
               +--------+--------+--------+--------+--------+-----+--------+
         Total |    317 |    317 |      0 |      0 |    187 |   1 |  317.0 |
       Dungeon |    317 |    317 |      0 |      0 |    187 |   1 |  317.0 |
               +--------+--------+--------+--------+--------+-----+--------+

Top non-repeatable levels by time:
     D:1: 317 daAuts
